 Dungeon Crawl Stone Soup version 0.18.1-50-g88ac8fd (webtiles) character file.

2304 CplKlinger the Blocker (level 9, -4/118 HPs)
             Began as a Minotaur Fighter on Oct 12, 2016.
             Slain by an orc warrior
             ... wielding a +0 glaive
              (12 damage)
             ... in a bailey.
             The game lasted 00:21:26 (6971 turns).

CplKlinger the Blocker (Minotaur Fighter)           Turns: 6971, Time: 00:21:27

Health: -4/118     AC: 24    Str: 20 (21) XL:     9   Next: 18%
Magic:  8/8        EV:  2    Int:  2 (5)  God:
Gold:   456        SH: 11    Dex: 12 (15) Spells: 0 memorised, 8 levels left

rFire  . . .     SeeInvis .     a - +1 long sword
rCold  . . .     Gourm    .     (armour currently unavailable)
rNeg   + + +     Faith    .     c - +0 shield
rPois  +         Spirit   .     (helmet currently unavailable)
rElec  .         Dismiss  .     (cloak currently unavailable)
rCorr  .         Reflect  .     (gloves currently unavailable)
SustAt .         Harm     .     (boots currently unavailable)
MR     .....     NoTele   +     (no amulet)
Stlth  ..........               (no ring)
                                t - ring of loudness (curse)

@: tree-form, very slightly contaminated, hasted, invisible, very quick, not
resistant to hostile enchantments, extremely unstealthy
A: (retaliatory headbutt), (hooves 0), (horns 0), agile 1, deterioration 1
a: no special abilities


You were in a bailey.
You were not hungry.
You were a tree.
You visited 1 branch of the dungeon, and saw 7 of its levels.
You also visited: Sewer and Bailey.

You collected 456 gold pieces.

Inventory:

Hand Weapons
 a - a +1 long sword (weapon)
Missiles
 r - 10 tomahawks (quivered)
Armour
 b - a +0 scale mail (melded)
 c - a +0 shield (worn)
 i - a +2 cloak (melded)
 l - a +0 pair of gloves (melded)
 s - a +2 hat (melded)
 A - a +0 pair of boots (melded)
Jewellery
 t - a cursed ring of loudness (left branch)
 C - a cursed -2 ring of intelligence {unknown}
Wands
 m - a wand of flame (20/48)
 p - a wand of teleportation (2/9)
Scrolls
 f - a scroll of amnesia
 u - 2 scrolls of recharging
 v - 2 scrolls of remove curse
 y - 6 scrolls of teleportation
 E - a scroll of identify
Potions
 d - 4 potions of might
 h - a potion of resistance {unknown}
 j - 2 potions of haste
 k - 2 potions of lignification
 o - 4 potions of brilliance
 q - a potion of mutation
 w - 4 potions of flight
 x - a potion of degeneration
Comestibles
 n - a meat ration
 F - a slice of pizza
 G - a beef jerky


   Skills:
 * Level 7.5 Fighting
 + Level 6.5 Long Blades
 + Level 7.1 Armour
 + Level 5.9 Dodging
 + Level 8.1 Shields


You had 8 spell levels left.
You didn't know any spells.

Dungeon Overview and Level Annotations

Branches:
Dungeon (7/15)             Temple (0/1) D:6

Altars:
Cheibriados

Shops:
D:6 %

Annotations:
D:4 Eustachio


Innate Abilities, Weirdness & Mutations

((You reflexively headbutt those who attack you in melee.))
((You have a pair of horns on your head.))
((You have large cloven feet.))
You are agile. (Dex +2)
Your body sometimes deteriorates upon taking damage.


Message History

You feel weakened.
You feel dopey.
You feel clumsy.
The orc warrior hits you from afar with a glaive.
* * * LOW HITPOINT WARNING * * *
You block the orc's attack.
Drink which item? (? for menu, Esc to quit)
It was a potion of invisibility.
You fade into invisibility!
The orc warrior disappears!
The orc warrior reappears nearby!
The orc warrior hits you but does no damage.
Drink which item? (? for menu, Esc to quit)
It was a potion of curing.
You feel better.
The orc warrior hits you from afar with a glaive.
* * * LOW HITPOINT WARNING * * *
The orc barely misses you. You block the orc warrior's attack.
You cannot move.
You block the orc warrior's attack.
The orc warrior hits you but does no damage.
The orc hits you but does no damage.
The orc warrior hits you from afar with a glaive!
You die...

#### ############ ....##
##........∩.##
.....######...o........#
...o.#....#...o..)))...#
.....)....)..ooo♣))...∩#
....o#....#)..o..)))...#
.....######...o.o).....#
....## ##........∩.##
#### ############


You could see 3 orc warriors and 5 orcs.

Vanquished Creatures
  Grinder (D:4)
  4 orc warriors
  2 ice beasts
  An ogre (D:7)
  A necrophage (D:7)
  2 centaurs
  Blork the orc (D:6)
  A giant frog (D:4)
  A crimson imp (D:5)
  3 hounds
  A jelly (D:6)
  A gnoll shaman (D:6)
  3 orc priests
  Crazy Yiuf (D:5)
  3 iguanas (D:6)
  Ijyb (D:2)
  3 orc wizards
  2 worker ants
  The ghost of nxtlvl the Scratcher, a weakling FeTm (D:6)
  A howler monkey zombie (D:6)
  Robin (D:2)
  21 gnolls
  11 adders
  A shadow imp (D:7)
  3 oozes
  5 worms (Sewer)
  5 dart slugs
  2 giant geckos (Sewer)
  22 orcs
  6 giant cockroaches
  25 goblins
  9 hobgoblins
  12 jackals
  4 quokkas
  2 ball pythons
  14 bats
  7 giant newts
  6 kobolds
  A quokka skeleton (D:5)
  A quokka zombie (D:6)
  5 rats
  2 fungi (D:5)
199 creatures vanquished.

Notes
Turn   | Place    | Note
--------------------------------------------------------------
     0 | D:1      | CplKlinger the Minotaur Fighter began the quest for the Orb.
     0 | D:1      | Reached XP level 1. HP: 19/19 MP: 0/0
    67 | D:1      | Reached XP level 2. HP: 27/27 MP: 1/1
   423 | D:2      | Reached XP level 3. HP: 31/33 MP: 2/2
   460 | D:2      | Noticed Robin
   469 | D:2      | Killed Robin
   476 | D:2      | Reached skill level 4 in Shields
   495 | D:2      | Reached skill level 1 in Dodging
   521 | D:2      | Reached XP level 4. HP: 36/40 MP: 3/3
  1291 | D:2      | Noticed Ijyb
  1311 | D:2      | Killed Ijyb
  1311 | D:2      | Reached skill level 5 in Armour
  1311 | D:2      | Reached XP level 5. HP: 44/46 MP: 4/4
  1558 | D:3      | Found a faded altar to an unknown god.
  1712 | D:3      | Found a snail-covered altar of Cheibriados.
  1859 | D:3      | Reached XP level 6. HP: 43/53 MP: 5/5
  1874 | D:3      | Reached skill level 5 in Shields
  1978 | D:3      | Reached skill level 5 in Fighting
  2731 | D:4      | Noticed Eustachio
  2733 | D:4      | Noticed Grinder
  2923 | D:4      | Paralysed by Grinder for 4 turns
  2941 | D:4      | Killed Grinder
  2941 | D:4      | Reached XP level 7. HP: 11/61 MP: 6/6
  3332 | D:5      | Entered Level 5 of the Dungeon
  3609 | D:5      | Reached skill level 6 in Shields
  3794 | D:5      | Noticed Crazy Yiuf
  3805 | D:5      | Killed Crazy Yiuf
  4481 | D:6      | Found a glowing drain.
  4487 | Sewer    | Entered a sewer
  5062 | D:6      | Found a staircase to the Ecumenical Temple.
  5237 | D:6      | Reached XP level 8. HP: 37/70 MP: 7/7
  5255 | D:6      | Reached skill level 5 in Long Blades
  5570 | D:6      | Found Aplu's Food Emporium.
  5586 | D:6      | Noticed Blork the orc
  5596 | D:6      | Killed Blork the orc
  5596 | D:6      | Reached skill level 7 in Shields
  5610 | D:6      | Reached skill level 5 in Dodging
  5627 | D:6      | Noticed nxtlvl's ghost (weakling FeTm)
  5634 | D:6      | Killed nxtlvl's ghost
  6584 | D:7      | Reached XP level 9. HP: 79/79 MP: 8/8
  6622 | D:7      | Found a flagged portal.
  6657 | Bailey   | Entered a bailey
  6694 | Bailey   | Reached skill level 8 in Shields
  6966 | Bailey   | Gained mutation: Your body sometimes deteriorates upon taking damage. [potion of mutation]
  6966 | Bailey   | Gained mutation: You are agile. (Dex +2) [potion of mutation]
  6966 | Bailey   | Gained mutation: You have large cloven feet. [potion of mutation]
  6967 | Bailey   | HP: 2/118 [orc warrior/glaive (6)]
  6971 | Bailey   | Slain by an orc warrior

Skill      XL: |  1  2  3  4  5  6  7  8  9 |
---------------+----------------------------+-----
Armour         | 4 5 6 7 |  7.1
Fighting       | 4 5 6 7 |  7.5
Shields        | 4 5 6 7 8 |  8.1
Long Blades    | 3 4 6 |  6.5
Dodging        | 1 2 3 4 5 |  5.9

Action                   |  1- 3 |  4- 6 |  7- 9 || total
-------------------------+-------+-------+-------++-------
Melee: Long sword        |    86 |   232 |   312 ||   630
       Headbutt          |    13 |    35 |    73 ||   121
Evoke: Wand              |       |       |     2 ||     2
  Use: Scroll            |       |    10 |     5 ||    15
       Potion            |       |     1 |    10 ||    11
  Eat: Pizza             |       |     1 |     1 ||     2
       Bread ration      |       |     1 |     1 ||     2
       Beef jerky        |       |     1 |       ||     1
       Meat ration       |       |       |     2 ||     2
Armor: Scale mail        |    39 |   134 |   143 ||   316
       Skin              |       |       |     6 ||     6
Dodge: Dodged            |    23 |   111 |   202 ||   336
Block: Shield            |    45 |   173 |   261 ||   479
